APP
SAN DIEGO (APP) PADRES @ WASHINGTON (APP) NATIONALS
05/24/2044
 
TOP OF THE 1ST
San Diego (APP) Padres batting - Pitching for Washington (APP) Nationals : RHP Gary Simmons
Pitching: RHP Gary Simmons
Batting: RHB Wally Cangro 0-0: Ball
1-0: DOUBLE (Flyball, 8LXD, EV 105.6 MPH)
Batting: SHB Yutaro Takahashi 0-0: Foul Ball, location: 2F
0-1: 2-RUN HOME RUN (Flyball, 89XD, EV 104.4 MPH), Distance : 398 ft
Batting: LHB Sammy Roddenberry 0-0: Ball
1-0: Ball
2-0: Ball
3-0: Base on Balls
Batting: LHB Phil Lerner 0-0: Ball
Sammy Roddenberry steals 2nd base
1-0: Ball
2-0: 2-RUN HOME RUN (Flyball, 89XD, EV 110.0 MPH), Distance : 412 ft
Batting: RHB Aaron Joseph 0-0: Ball
1-0: Foul Ball, location: 2F
1-1: Swinging Strike
1-2: Strikes out swinging
Batting: RHB Max Stillo 0-0: Ball
1-0: Foul Ball, location: 2F
1-1: Swinging Strike
1-2: Ground out 5-3 (Groundball, 56, EV 101.9 MPH)
Pitching: LHP Mike Bigos
Batting: RHB Tyler West 0-0: Ground out 6-3 (Groundball, 6, EV 88.1 MPH)
Top of the 1st over - 4 runs, 3 hits, 0 errors, 0 left on base; San Diego (APP) 4 - Washington (APP) 0
BOTTOM OF THE 1ST
Washington (APP) Nationals batting - Pitching for San Diego (APP) Padres : RHP Rogelio Nunez
Pitching: RHP Rogelio Nunez
Batting: RHB Derek Moran 0-0: Ball
1-0: Called Strike
1-1: Ball
2-1: Ground out 6-3 (Groundball, 6, EV 81.3 MPH)
Batting: RHB Nick Moreno 0-0: Ball
1-0: Ball
2-0: Called Strike
2-1: Called Strike
2-2: SOLO HOME RUN (Flyball, 89XD, EV 100.0 MPH), Distance : 397 ft
Batting: RHB Jon Buscher 0-0: SINGLE (Groundball, 4MD, EV 102.5 MPH)
Batting: RHB Kevin Whitenack 0-0: Swinging Strike
0-1: Ball
1-1: Ball
2-1: Foul Ball, location: 2F
2-2: SINGLE (Line Drive, 7S, EV 86.3 MPH)
Jon Buscher to second
Batting: LHB Nate Melendez 0-0: Called Strike
0-1: Ball
Wild Pitch!
Jon Buscher to third
Kevin Whitenack to second
1-1: Foul Ball, location: 2F
1-2: Ball
2-2: Foul Ball, location: 2F
2-2: Ball
Wild Pitch!
Jon Buscher scores
Kevin Whitenack to third
3-2: Foul Ball, location: 2F
3-2: Base on Balls
Batting: RHB Steve Bauman 0-0: Ball
1-0: Fielders Choice at 2nd, 4-6 (Groundball, 34, EV 90.0 MPH)
Kevin Whitenack scores
Batting: RHB Jesus Malave 0-0: Called Strike
0-1: Fielders Choice at 2nd, 6-4 (Groundball, 56D, EV 80.0 MPH)
Bottom of the 1st over - 3 runs, 3 hits, 0 errors, 1 left on base; San Diego (APP) 4 - Washington (APP) 3
TOP OF THE 2ND
San Diego (APP) Padres batting - Pitching for Washington (APP) Nationals : LHP Mike Bigos
Now in LF: John Savard
Batting: RHB Brent Little 0-0: Foul Ball, location: 2F
0-1: Ball
1-1: Ball
2-1: Foul Ball, location: 2F
2-2: Foul Ball, location: 2F
2-2: SINGLE (Flyball, 8LS, EV 85.0 MPH)
Batting: RHB Stephon Hill 0-0: Called Strike
0-1: Swinging Strike
0-2: SINGLE (Groundball, 6S, EV 72.5 MPH) (infield hit)
Brent Little to second
Batting: RHB Wally Cangro 0-0: SINGLE (Groundball, 4MS, EV 67.5 MPH) (infield hit)
Brent Little to third
Stephon Hill to second
Batting: SHB Yutaro Takahashi 0-0: Fly out, F9 (Line Drive, 9, EV 91.3 MPH)
Batting: LHB Sammy Roddenberry 0-0: Ball
1-0: Called Strike
1-1: Grounds into fielders choice U2 (Groundball, 15S, EV 64.4 MPH)
Stephon Hill to third
Wally Cangro to second
Batting: LHB Phil Lerner 0-0: Ball
Passed Ball!
Stephon Hill scores
Wally Cangro to third
Sammy Roddenberry to second
1-0: Foul Ball, location: 2F
1-1: Ball
2-1: Ball
3-1: Base on Balls
Pitching: RHP Halewijn Bos
Batting: RHB Aaron Joseph 0-0: Ground out 6-3 (Groundball, 4MS, EV 66.3 MPH)
Top of the 2nd over - 1 run, 3 hits, 0 errors, 3 left on base; San Diego (APP) 5 - Washington (APP) 3
BOTTOM OF THE 2ND
Washington (APP) Nationals batting - Pitching for San Diego (APP) Padres : RHP Rogelio Nunez
Batting: RHB Naofumi Ishida 0-0: Swinging Strike
0-1: Foul Ball, location: 2F
0-2: Ball
1-2: Foul Ball, location: 2F
1-2: Foul Ball, location: 2F
1-2: Ball
2-2: Ball
3-2: Strikes out looking
Batting: RHB Brian Walker 0-0: Ball
1-0: Ball
2-0: Ball
3-0: Base on Balls
Batting: RHB Derek Moran 0-0: Grounds into double play, 6-4-3 (Groundball, 6, EV 83.1 MPH)
Bottom of the 2nd over - 0 runs, 0 hits, 0 errors, 0 left on base; San Diego (APP) 5 - Washington (APP) 3
TOP OF THE 3RD
San Diego (APP) Padres batting - Pitching for Washington (APP) Nationals : RHP Halewijn Bos
Pitching: LHP Mike Montgomery
Batting: RHB Max Stillo 0-0: Ball
1-0: Swinging Strike
1-1: Ball
2-1: Swinging Strike
2-2: Strikes out swinging
Batting: RHB Tyler West 0-0: Ball
1-0: Swinging Strike
1-1: Ball
2-1: Foul Ball, location: 2F
2-2: Ball
3-2: Base on Balls
Batting: RHB Brent Little 0-0: Ball
1-0: Called Strike
1-1: Fielders Choice at 2nd, U6 (Groundball, 4MS, EV 79.4 MPH)
Batting: RHB Stephon Hill 0-0: Ball
1-0: Called Strike
1-1: Ball
Wild Pitch!
Brent Little to second
2-1: Ground out 1-3 (Groundball, 13, EV 70.6 MPH)
Top of the 3rd over - 0 runs, 0 hits, 0 errors, 1 left on base; San Diego (APP) 5 - Washington (APP) 3
BOTTOM OF THE 3RD
Washington (APP) Nationals batting - Pitching for San Diego (APP) Padres : RHP Rogelio Nunez
Batting: RHB Nick Moreno 0-0: Swinging Strike
0-1: Ball
1-1: Swinging Strike
1-2: Strikes out swinging
Batting: RHB Jon Buscher 0-0: Ball
1-0: Called Strike
1-1: Foul Ball, location: 2F
1-2: Ball
2-2: Fly out, F8 (Flyball, 8RD, EV 101.3 MPH)
Batting: RHB Kevin Whitenack 0-0: Ball
1-0: Ball
2-0: Foul Ball, location: 2F
2-1: Ball
3-1: Base on Balls
Batting: RHB John Savard 0-0: Ball
1-0: Ball
2-0: Fly out, F8 (Flyball, 8RM, EV 98.8 MPH)
Bottom of the 3rd over - 0 runs, 0 hits, 0 errors, 1 left on base; San Diego (APP) 5 - Washington (APP) 3
TOP OF THE 4TH
San Diego (APP) Padres batting - Pitching for Washington (APP) Nationals : LHP Mike Montgomery
Batting: RHB Wally Cangro 0-0: Fly out, F3 (Line Drive, 3, EV 64.4 MPH)
Batting: SHB Yutaro Takahashi 0-0: Ball
1-0: Foul Ball, location: 2F
1-1: Swinging Strike
1-2: Strikes out swinging
Batting: LHB Sammy Roddenberry 0-0: Foul Ball, location: 2F
0-1: Ball
1-1: Fly out, F4 (Flyball, 34D, EV 81.9 MPH)
Top of the 4th over - 0 runs, 0 hits, 0 errors, 0 left on base; San Diego (APP) 5 - Washington (APP) 3
BOTTOM OF THE 4TH
Washington (APP) Nationals batting - Pitching for San Diego (APP) Padres : RHP Rogelio Nunez
Batting: RHB Steve Bauman 0-0: TRIPLE (Flyball, 7LD, EV 100.6 MPH)
Batting: RHB Jesus Malave 0-0: Swinging Strike
0-1: Ball
1-1: Ground out 6-3 (Groundball, 6M, EV 78.1 MPH)
Steve Bauman scores
Batting: RHB Naofumi Ishida 0-0: Called Strike
0-1: Foul Ball, location: 2F
0-2: Foul Ball, location: 2F
0-2: SINGLE (Flyball, 7LS, EV 91.3 MPH)
Batting: RHB Brian Walker 0-0: Ball
Naofumi Ishida is caught stealing 2nd base 2-4
1-0: Ground out 6-3 (Groundball, 6, EV 86.9 MPH)
Bottom of the 4th over - 1 run, 2 hits, 0 errors, 0 left on base; San Diego (APP) 5 - Washington (APP) 4
TOP OF THE 5TH
San Diego (APP) Padres batting - Pitching for Washington (APP) Nationals : LHP Mike Montgomery
Batting: LHB Phil Lerner 0-0: Called Strike
0-1: Called Strike
0-2: SINGLE (Line Drive, 3D, EV 94.4 MPH)
Pitching: RHP Chris Lawrence
Batting: RHB Aaron Joseph 0-0: Called Strike
0-1: Foul Ball, location: 2F
0-2: SINGLE (Flyball, 89S, EV 91.3 MPH)
Phil Lerner to second
Runner from 2nd tries for 3rd, OUT! 9-5
Batting: RHB Max Stillo 0-0: Foul Ball, location: 2F
0-1: Ball
1-1: Hit by Pitch
Aaron Joseph to second
Batting: RHB Tyler West 0-0: SINGLE (Flyball, 89S, EV 95.6 MPH)
Aaron Joseph to third
Max Stillo to second
Runner from 3rd tries for Home, SAFE, throw by RF to home
Batting: RHB Brent Little 0-0: Foul Ball, location: 2F
0-1: Swinging Strike
0-2: Ball
1-2: Ball
2-2: SINGLE (Groundball, 6M, EV 95.0 MPH)
Max Stillo to third
Tyler West to second
Runner from 3rd tries for Home, SAFE, throw by CF to home
Batting: RHB Stephon Hill 0-0: Ball
1-0: Ball
2-0: Ball
3-0: Base on Balls
Tyler West to third
Brent Little to second
Batting: RHB Wally Cangro 0-0: SINGLE (Groundball, 4MD, EV 103.8 MPH)
Tyler West scores
Brent Little to third
Stephon Hill to second
Batting: SHB Yutaro Takahashi 0-0: Called Strike
0-1: Called Strike
0-2: Ball
1-2: Foul Ball, location: 2F
1-2: Strikes out swinging
Pitching: LHP Johnny Busse
Batting: LHB Sammy Roddenberry 0-0: Ball
1-0: Called Strike
1-1: Ball
2-1: Foul Ball, location: 2F
2-2: Ball
3-2: Foul Ball, location: 2F
3-2: Base on Balls
Brent Little scores
Stephon Hill to third
Wally Cangro to second
Batting: LHB Phil Lerner 0-0: Ball
1-0: Swinging Strike
1-1: Ball
2-1: Foul Ball, location: 2F
2-2: Foul Ball, location: 2F
2-2: Fly out, F8 (Flyball, 8LM, EV 83.1 MPH)
Top of the 5th over - 4 runs, 5 hits, 0 errors, 3 left on base; San Diego (APP) 9 - Washington (APP) 4
BOTTOM OF THE 5TH
Washington (APP) Nationals batting - Pitching for San Diego (APP) Padres : RHP Rogelio Nunez
Batting: RHB Derek Moran 0-0: Ball
1-0: Ball
2-0: Foul Ball, location: 2F
2-1: Ground out 4-3 (Groundball, 4, EV 103.1 MPH)
Pitching: RHP Nick Goodlow
Batting: RHB Nick Moreno 0-0: Ball
1-0: Ball
2-0: Ball
3-0: Base on Balls
Batting: RHB Jon Buscher 0-0: Ball
1-0: Ball
2-0: Foul Ball, location: 2F
2-1: Ball
3-1: Foul Ball, location: 2F
3-2: SINGLE (Line Drive, 78S, EV 101.9 MPH)
Nick Moreno to second
Nick Moreno to third
Batting: RHB Kevin Whitenack 0-0: Ball
1-0: Ball
2-0: Swinging Strike
2-1: Foul Ball, location: 2F
2-2: Foul Ball, location: 2F
2-2: Strikes out swinging
Batting: RHB John Savard 0-0: Ball
1-0: Ball
2-0: Called Strike
2-1: Foul Ball, location: 2F
2-2: Fielders Choice at 2nd, 6-4 (Groundball, 6D, EV 101.9 MPH)
Bottom of the 5th over - 0 runs, 1 hit, 0 errors, 2 left on base; San Diego (APP) 9 - Washington (APP) 4
TOP OF THE 6TH
San Diego (APP) Padres batting - Pitching for Washington (APP) Nationals : LHP Johnny Busse
Pitching: RHP Brian Walker
Batting: RHB Aaron Joseph 0-0: Called Strike
0-1: Ball
1-1: Ground out 5-3 (Groundball, 56, EV 86.9 MPH)
Batting: RHB Max Stillo 0-0: Ball
1-0: Ball
2-0: Ball
3-0: Called Strike
3-1: Base on Balls
Batting: RHB Tyler West 0-0: Called Strike
0-1: SINGLE (Groundball, 6MD, EV 101.9 MPH)
Max Stillo to second
Batting: RHB Brent Little 0-0: Swinging Strike
0-1: Ball
1-1: Called Strike
1-2: Ball
2-2: Foul Ball, location: 2F
2-2: Foul Ball, location: 2F
2-2: Foul Ball, location: 2F
2-2: Strikes out swinging
Pitching: RHP Jason Beck
Batting: RHB Stephon Hill 0-0: Called Strike
0-1: Called Strike
0-2: Ball
1-2: Ground out U3 (Groundball, 3, EV 87.5 MPH)
Top of the 6th over - 0 runs, 1 hit, 0 errors, 2 left on base; San Diego (APP) 9 - Washington (APP) 4
BOTTOM OF THE 6TH
Washington (APP) Nationals batting - Pitching for San Diego (APP) Padres : RHP Nick Goodlow
Batting: RHB Steve Bauman 0-0: Foul Ball, location: 2F
0-1: Fly out, F8 (Flyball, 8RS, EV 89.4 MPH)
Batting: RHB Jesus Malave 0-0: Foul Ball, location: 2F
0-1: Called Strike
0-2: Strikes out swinging
Batting: RHB Naofumi Ishida 0-0: Ball
1-0: Ball
2-0: SINGLE (Line Drive, 34, EV 103.1 MPH)
Batting: RHB Brian Walker 0-0: Called Strike
Naofumi Ishida steals 2nd base
0-1: Ball
1-1: Called Strike
1-2: Ball
2-2: SINGLE (Line Drive, 6MD, EV 105.6 MPH)
Naofumi Ishida to third
Runner from 3rd tries for Home, SAFE, throw by CF to home
Batting: RHB Derek Moran 0-0: Ball
Wild Pitch!
Brian Walker to second
1-0: Called Strike
1-1: Swinging Strike
1-2: Foul Ball, location: 2F
1-2: Ball
2-2: TRIPLE (Flyball, 89XD, EV 101.9 MPH)
Brian Walker scores
Pitching: LHP Kentaro Shimasaki
Batting: RHB Nick Moreno 0-0: Called Strike
0-1: Ball
1-1: Swinging Strike
1-2: Foul Ball, location: 2F
1-2: Ball
2-2: Strikes out swinging
Bottom of the 6th over - 2 runs, 3 hits, 0 errors, 1 left on base; San Diego (APP) 9 - Washington (APP) 6
TOP OF THE 7TH
San Diego (APP) Padres batting - Pitching for Washington (APP) Nationals : RHP Jason Beck
Batting: RHB Wally Cangro 0-0: DOUBLE (Line Drive, 9LM, EV 111.9 MPH)
Batting: SHB Yutaro Takahashi 0-0: Bunted foul
0-1: Ball
Wally Cangro steals 3rd base
1-1: Swinging Strike
1-2: Ball
2-2: Strikes out swinging
Batting: LHB Sammy Roddenberry 0-0: SINGLE (Line Drive, 4D, EV 95.0 MPH)
Wally Cangro scores
Batting: LHB Phil Lerner 0-0: Called Strike
0-1: Ball
1-1: Ball
Sammy Roddenberry steals 2nd base
2-1: Swinging Strike
2-2: Ball
3-2: Base on Balls
Batting: RHB Aaron Joseph 0-0: Called Strike
Sammy Roddenberry steals 3rd base (no throw)
Phil Lerner to second
0-1: Ball
1-1: Intentional Walk
Batting: RHB Max Stillo 0-0: Foul Ball, location: 2F
0-1: DOUBLE (Flyball, 8LXD, EV 98.8 MPH)
Sammy Roddenberry scores
Phil Lerner scores
Aaron Joseph to third
Batting: RHB Tyler West 0-0: Ball
1-0: Ball
2-0: Fly out, F4 (Line Drive, 4, EV 65.6 MPH)
Batting: RHB Brent Little 0-0: Called Strike
0-1: Ball
1-1: Foul Ball, location: 2F
1-2: Strikes out swinging
Top of the 7th over - 3 runs, 3 hits, 0 errors, 2 left on base; San Diego (APP) 12 - Washington (APP) 6
BOTTOM OF THE 7TH
Washington (APP) Nationals batting - Pitching for San Diego (APP) Padres : LHP Kentaro Shimasaki
Batting: RHB Jon Buscher 0-0: Ball
1-0: Swinging Strike
1-1: Ball
2-1: Foul Ball, location: 2F
2-2: SINGLE (Line Drive, 89S, EV 92.5 MPH)
Batting: RHB Kevin Whitenack 0-0: Ball
1-0: Ball
2-0: Ball
3-0: Called Strike
3-1: Base on Balls
Jon Buscher to second
Batting: RHB John Savard 0-0: Ball
1-0: TRIPLE (Flyball, 78XD, EV 109.4 MPH)
Jon Buscher scores
Kevin Whitenack scores
Batting: RHB Steve Bauman 0-0: Ground out 4-3 (Groundball, 4, EV 88.8 MPH)
John Savard scores
Pitching: RHP Eric Busby
Batting: RHB Jesus Malave 0-0: Foul Ball, location: 2F
0-1: Called Strike
0-2: Foul Ball, location: 2F
0-2: Fly out, F9 (Line Drive, 9, EV 83.1 MPH)
Batting: RHB Naofumi Ishida 0-0: DOUBLE (Line Drive, 9LD, EV 101.3 MPH)
Batting: RHB Brian Walker 0-0: Called Strike
0-1: Ball
1-1: SINGLE (Groundball, 56D, EV 103.8 MPH)
Naofumi Ishida to third
Runner from 3rd tries for Home, SAFE, throw by LF to home
Batting: RHB Derek Moran 0-0: Ball
1-0: Ball
2-0: Ball
3-0: Called Strike
3-1: Ground out 4-3 (Groundball, 4S, EV 89.4 MPH)
Bottom of the 7th over - 4 runs, 4 hits, 0 errors, 1 left on base; San Diego (APP) 12 - Washington (APP) 10
TOP OF THE 8TH
San Diego (APP) Padres batting - Pitching for Washington (APP) Nationals : RHP Jason Beck
Batting: RHB Stephon Hill 0-0: Called Strike
0-1: Foul Ball, location: 2F
0-2: Ball
1-2: Ground out 5-3 (Groundball, 56S, EV 86.9 MPH)
Batting: RHB Wally Cangro 0-0: Ball
1-0: Ground out 4-3 (Groundball, 4MD, EV 95.6 MPH)
Batting: SHB Yutaro Takahashi 0-0: Foul Ball, location: 2F
0-1: Ball
1-1: Ball
2-1: Swinging Strike
2-2: Strikes out looking
Top of the 8th over - 0 runs, 0 hits, 0 errors, 0 left on base; San Diego (APP) 12 - Washington (APP) 10
BOTTOM OF THE 8TH
Washington (APP) Nationals batting - Pitching for San Diego (APP) Padres : RHP Eric Busby
Batting: RHB Nick Moreno 0-0: Ball
1-0: Called Strike
1-1: Foul Ball, location: 2F
1-2: Ball
2-2: Strikes out swinging
Batting: RHB Jon Buscher 0-0: Ground out 5-3 (Groundball, 56, EV 80.6 MPH)
Batting: RHB Kevin Whitenack 0-0: Foul Ball, location: 2F
0-1: Ball
1-1: SINGLE (Groundball, 56, EV 99.4 MPH)
Batting: RHB John Savard 0-0: Ball
1-0: Called Strike
1-1: Ball
2-1: Fly out, F7 (Line Drive, 7D, EV 104.4 MPH)
Bottom of the 8th over - 0 runs, 1 hit, 0 errors, 1 left on base; San Diego (APP) 12 - Washington (APP) 10
TOP OF THE 9TH
San Diego (APP) Padres batting - Pitching for Washington (APP) Nationals : RHP Jason Beck
Batting: LHB Sammy Roddenberry 0-0: Called Strike
0-1: Foul Ball, location: 2F
0-2: Fly out, F9 (Line Drive, 9, EV 90.6 MPH)
Batting: LHB Phil Lerner 0-0: Ball
1-0: Ball
2-0: Ball
3-0: Base on Balls
Batting: RHB Aaron Joseph 0-0: Ball
1-0: Ball
2-0: Ball
3-0: Base on Balls
Phil Lerner to second
Batting: RHB Max Stillo 0-0: Ball
1-0: Foul Ball, location: 2F
1-1: Called Strike
1-2: Ball
2-2: Foul Ball, location: 2F
2-2: Strikes out swinging
Batting: RHB Tyler West 0-0: Ball
1-0: Foul Ball, location: 2F
1-1: Ball
2-1: Reached on error, E6 (Groundball, 6, EV 100.0 MPH)
Phil Lerner to third
Aaron Joseph to second
Batting: RHB Brent Little 0-0: Called Strike
0-1: Ball
1-1: Ball
2-1: Ball
3-1: Swinging Strike
3-2: Base on Balls
Phil Lerner scores
Aaron Joseph to third
Tyler West to second
Pitching: LHP Manny Ruiz
Batting: RHB Stephon Hill 0-0: Ball
1-0: Called Strike
1-1: Ball
2-1: Ball
3-1: Base on Balls
Aaron Joseph scores
Tyler West to third
Brent Little to second
Batting: RHB Wally Cangro 0-0: Ball
1-0: Foul Ball, location: 2F
1-1: Foul Ball, location: 2F
1-2: Strikes out looking
Top of the 9th over - 2 runs, 0 hits, 1 error, 3 left on base; San Diego (APP) 14 - Washington (APP) 10
BOTTOM OF THE 9TH
Washington (APP) Nationals batting - Pitching for San Diego (APP) Padres : RHP Eric Busby
Batting: RHB Steve Bauman 0-0: SINGLE (Groundball, 34D, EV 111.9 MPH)
Batting: RHB Jesus Malave 0-0: Called Strike
0-1: Ball
Wild Pitch!
Steve Bauman to second
1-1: Called Strike
1-2: Ground out 6-3 (Groundball, 6, EV 85.0 MPH)
Batting: RHB Naofumi Ishida 0-0: Called Strike
0-1: Ball
1-1: SINGLE (Groundball, 6M, EV 108.1 MPH) (infield hit)
Steve Bauman to third
Pinch Hitting: SHB Gabe Fraunfelder 0-0: Ball
1-0: Ball
2-0: Ball
3-0: Foul Ball, location: 2F
3-1: Base on Balls
Naofumi Ishida to second
Batting: RHB Derek Moran 0-0: Ball
1-0: Called Strike
1-1: Swinging Strike
1-2: Ball
2-2: Ball
3-2: Base on Balls
Steve Bauman scores
Naofumi Ishida to third
Gabe Fraunfelder to second
Pitching: RHP Scott Gillis
Batting: RHB Nick Moreno 0-0: Ball
1-0: Foul Ball, location: 2F
1-1: Fly out, F9 (Flyball, 9D, EV 100.0 MPH)
Batting: RHB Jon Buscher 0-0: Called Strike
0-1: Ball
1-1: Called Strike
1-2: Strikes out swinging
Bottom of the 9th over - 1 run, 2 hits, 0 errors, 3 left on base; San Diego (APP) 14 - Washington (APP) 11
Thursday, March 31st , 2022 - OOTP Baseball 22.12 Build 89